 Dungeon Crawl Stone Soup version 0.31-a0-188-g5e087ee2ca (webtiles) character file.

Game seed: 3919154738290806154

46 qw the Shooter (level 3, -15/20 HPs)
             Began as a Deep Elf Hunter on June 23, 2023.
             Demolished by an ogre
             ... wielding a +0 giant spiked club
              (19 damage)
             ... on level 3 of the Dungeon.
             The game lasted 00:00:24 (1119 turns).

qw the Shooter (Deep Elf Hunter)                    Turns: 1119, Time: 00:00:24

Health: -15/20     AC:  7    Str: 10    XL:     3   Next: 46%
Magic:  5/5        EV: 11    Int: 13    God:
Gold:   85         SH:  0    Dex: 18    Spells: 2/2 levels left

rFire   . . .        Y - +0 shortbow
rCold   . . .        (shield currently unavailable)
rNeg    . . .        g - +2 ring mail
rPois   .            (no helmet)
rElec   .            (no cloak)
rCorr   .            (no gloves)
SInv    .            (no boots)
Will    .....        (no amulet)
Stlth   +            (no ring)
HPRegen 0.23/turn    (no ring)
MPRegen 0.09/turn

%: no passive effects
@: no status effects
A: no striking features
a: no special abilities


You were on level 3 of the Dungeon.
You visited 1 branch of the dungeon, and saw 4 of its levels.

You collected 85 gold pieces.


   Skills:
 - Level 1.5 Fighting
 + Level 7.0 Ranged Weapons
 - Level 2.4 Dodging
 - Level 1.2 Stealth


You had 2 spell levels left.
You didn't know any spells.
Your spell library was empty.

Inventory:

Hand Weapons
 Y - a +0 shortbow (weapon)
Armour
 g - a +2 ring mail (worn)
Scrolls
 a - a scroll of noise {unknown}
 b - a scroll of vulnerability {unknown}
 d - a scroll of brand weapon {unknown}
Potions
 c - a potion of magic {unknown}
 e - a potion of curing
 f - a potion of invisibility {unknown}
 h - a potion of resistance {unknown}

Dungeon Overview and Level Annotations

Branches:
Dungeon (4/15)
 Temple: D:4-7

Altars:


Message History

You shoot an arrow.
The arrow completely misses the ball python.
You shoot an arrow. The arrow hits the ball python.
The ball python is moderately wounded.
You shoot an arrow.
The arrow closely misses the ball python.
The ball python closely misses you. x2
You shoot an arrow. The arrow hits the ball python!
You kill the ball python!
Found an escape hatch in the ceiling.
Found 8 stones.
You now have 85 gold pieces (gained 6).
You see here the +1 dagger "Xalar" {flame, rElec Will+ Dex+2}.
d - a scroll labelled ULLOSI PEGIDWU You see here a +0 ring mail.
You see here a +0 ring mail.
Found a sling.
Enter note: An ogre comes into view. It is wielding a +0 giant spiked club.
The ogre shouts!
Enter note: You shoot an arrow.
The arrow hits the ogre.
The ogre is lightly wounded.
You shoot an arrow. The arrow hits the ogre.
The ogre is lightly wounded.
You shoot an arrow.
The arrow hits the ogre but does no damage.
The ogre is lightly wounded.
You shoot an arrow. The arrow barely misses the ogre.
An endoplasm comes into view.
You shoot an arrow.
The arrow hits the ogre but does no damage.
The ogre is lightly wounded.
The ogre hits you with a +0 giant spiked club!
Ouch! That really hurt!
You shoot an arrow. The arrow hits the ogre.
The ogre is moderately wounded.
The ogre hits you with a +0 giant spiked club!!
Ouch! That really hurt!
You die...

#... ###. #. #. #
### #######. #. ..#
#....... #####.###
#.# #.######
.)...JO.####.####.#
#@..........#
#.####.###..#
##.###.......#
........###.##
######### #...
#####


You could see an ogre and an endoplasm.

Vanquished Creatures
  An adder (D:4)
  A dart slug (D:1)
  4 bats
  2 endoplasms (D:1)
  A goblin (D:4)
  A hobgoblin (D:1)
  6 jackals
  3 kobolds
  2 quokkas (D:1)
  6 ball pythons
  A frilled lizard (D:1)
  4 rats (D:1)
32 creatures vanquished.

Notes
Turn   | Place    | Note
-------+----------+-------------------------------------------
     0 | D:1      | qw the Deep Elf Hunter began the quest for the Orb.
     0 | D:1      | Reached XP level 1. HP: 12/12 MP: 3/3
     0 | D:1      | 0 ||| qw: Version: 0.3-a-9-g12657ce
     0 | D:1      | 0 ||| qw: Game counter: 3665
     0 | D:1      | 0 ||| qw: Always use a shield: true
     0 | D:1      | 0 ||| qw: God list: Okawaru
     0 | D:1      | 0 ||| qw: Allow faded altars: false
     0 | D:1      | 0 ||| qw: Do Orc after D:15 true
     0 | D:1      | 0 ||| qw: Do second Lair branch before Depths: true
     0 | D:1      | 0 ||| qw: Lair rune preference: random
     0 | D:1      | 0 ||| qw: Plans: Normal
     0 | D:1      | 0 ||| PLANNING D:1-11
   207 | D:1      | Reached XP level 2. HP: 16/16 MP: 4/4
   262 | D:1      | Reached skill level 6 in Ranged Weapons
   728 | D:1      | 728 ||| UPGRADING to +0 ring mail.
   738 | D:1      | 738 ||| DROPPING +0 leather armour.
   739 | D:1      | 739 ||| READING 3 scrolls labelled CIELOGR HIEN.
   740 | D:1      | 740 ||| READING 2 scrolls of enchant armour.
   740 | D:1      | 740 ||| ENCHANTING +0 ring mail.
   741 | D:1      | 741 ||| READING scroll of enchant armour.
   741 | D:1      | 741 ||| ENCHANTING +1 ring mail.
   742 | D:1      | 742 ||| READING scroll labelled BIAPREW KUCAM.
   743 | D:1      | 743 ||| DRINKING 2 glowing grey potions.
   744 | D:1      | 744 ||| DROPPING scroll of butterflies.
   826 | D:2      | 826 ||| STAIRDANCE
   830 | D:1      | Reached XP level 3. HP: 18/20 MP: 5/5
   849 | D:2      | You fall into a shaft and drop 2 floors!
   976 | D:3      | Reached skill level 7 in Ranged Weapons
  1019 | D:3      | Identified the +1 dagger "Xalar" {flame, rElec Will+ Dex+2}
  1113 | D:3      | Noticed an ogre
  1118 | D:3      | HP: 4/20 [ogre/+0 giant spiked club (16)]
  1119 | D:3      | Demolished by an ogre

Levels and vault maps discovered:
D:1:      dpeg_arrival_simpleton_c, layout_basic, eino_curves_02
D:2:      layout_basic, basic_altar
D:3:      layout_loops_ring, serial_shops, shop
D:4:      layout_loops_corners, minmay_temple_entry_ruins, serial_shops, shop,
          minmay_manual_monolith, uniq_menkaure

Skill      XL: |  1  2  3 |
---------------+----------+-----
Ranged Weapons | 6 7 |  7.0
Fighting       | |  1.5
Dodging        | |  2.4
Stealth        | |  1.2

Action                     || total
---------------------------++-------
   Fire: Shortbow          ||    92
    Use: Scroll            ||     4
         Potion            ||     1
 Armour: Ring mail         ||    21
         Leather armour    ||     6
  Dodge: Dodged            ||    45

Table legend:
 A = Non-vault XP
 B = Vault XP
 C = Vault XP percentage of total XP
 D = Non-vault monster count
 E = Vault monster count
 F = Vault count percentage of total count
                 A         B        C        D         E       F
            +---------+---------+-------+---------+---------+-------
      Total |      67 |       0 |   0.0 |      32 |       0 |   0.0
            +---------+---------+-------+---------+---------+-------
        D:1 |      42 |       0 |   0.0 |      25 |       0 |   0.0
        D:2 |       4 |       0 |   0.0 |       2 |       0 |   0.0
        D:3 |       5 |       0 |   0.0 |       3 |       0 |   0.0
        D:4 |      16 |       0 |   0.0 |       2 |       0 |   0.0
            +---------+---------+-------+---------+---------+-------
